 Dungeon Crawl Stone Soup version 0.31-a0-826-ga5cc291a1b (webtiles) character file.

Game seed: 5706498009136182614

787 qw the Skirmisher (level 7, 0/44 HPs)
             Began as a Gargoyle Hunter on Sept 23, 2023.
             Slain by a wight
             ... wielding a +4 hand axe of freezing
              (1 damage)
             ... on level 5 of the Dungeon.
             The game lasted 00:01:36 (2894 turns).

qw the Skirmisher (Gargoyle Hunter)                 Turns: 2894, Time: 00:01:36

Health: 0/44       AC: 12    Str: 20      XL:     7   Next: 87%
Magic:  7/7        EV: 11    Int: 10      God:
Gold:   86         SH:  0    Dex: 14 (15) Spells: 6/6 levels left

rFire   . . .        Y - +0 shortbow (flame)
rCold   . . .        (shield currently unavailable)
rNeg    + . .        d - +0 ring mail
rPois   inf          (no helmet)
rElec   +            j - +0 cloak
rCorr   .            f - +0 pair of gloves
SInv    +            (no boots)
Will    .....        (no amulet)
Stlth   +            g - +6 ring of strength
HPRegen 0.27/turn    b - ring of see invisible
MPRegen 0.10/turn

%: no passive effects
@: no status effects
A: sickness immunity, AC +4, negative energy resistance 1, electricity
resistance, torment resistance 1, petrification resistance
a: no special abilities


You were on level 5 of the Dungeon.
You visited 1 branch of the dungeon, and saw 5 of its levels.

You collected 184 gold pieces.
You spent 98 gold pieces at shops.


Innate Abilities, Weirdness & Mutations

You are immune to sickness and miasma.
Your stone body is resilient. (AC +4)
You are immune to poison.
You resist negative energy. (rN+)
You are resistant to electric shocks. (rElec)
You are resistant to unholy torment.
You are immune to petrification.


   Skills:
 + Level 4.5 Fighting
 - Level 8.0 Ranged Weapons
 - Level 3.3 Armour
 - Level 1.5 Dodging
 - Level 1.1 Stealth


You had 6 spell levels left.
You didn't know any spells.
Your spell library was empty.

Inventory:

Hand Weapons
 Y - a +0 shortbow of flaming (weapon)
Armour
 d - a +0 ring mail (worn)
 f - a +0 pair of gloves (worn)
 j - a +0 cloak (worn)
Jewellery
 b - a ring of see invisible (right hand)
 g - a +6 ring of strength (left hand)
 l - a ring of magical power
Scrolls
 i - a scroll of identify
Potions
 a - a potion of resistance {unknown}
 c - 2 potions of haste {unknown}
 e - a potion of berserk rage {unknown}
 h - a potion of mutation {unknown}
 k - a potion of curing {unknown}

Dungeon Overview and Level Annotations

Branches:
Dungeon (5/15)
 Temple: D:4-7

Altars:
Xom

Shops:
D:3 *


Message History

The wight hits you with a +4 falchion!
You shoot an arrow.
The arrow hits the wight but does no damage.
The wight is almost destroyed.
The wight hits you with a +4 falchion!
You shoot an arrow. The arrow barely misses the wight.
The arrow hits the wight.
The arrow burns the wight.
The wight is severely damaged.
The wight hits you with a +4 falchion.
You shoot an arrow. The arrow hits the wight.
The arrow burns the wight.
You destroy the wight!
A wight comes into view. It is wielding a +0 falchion.
You feel your dexterity returning.
Your Ranged Weapons skill increases to level 8!
You shoot an arrow. The arrow closely misses the wight.
The arrow hits the wight but does no damage.
The wight is severely damaged.
The wight closely misses you.
You shoot an arrow.
The arrow hits the wight but does no damage.
The wight hits you but does no damage.
You shoot an arrow. The arrow hits the wight.
The arrow burns the wight.
The wight is moderately damaged.
The wight hits you but does no damage.
You shoot an arrow. The arrow barely misses the wight.
The arrow closely misses the wight.
The wight hits you but does no damage.
You shoot an arrow. The arrow closely misses the wight.
The arrow hits the wight.
The arrow burns the wight.
You destroy the wight!
The wight hits you but does no damage.
A wight comes into view. It is wielding a +0 falchion.
You shoot an arrow. The arrow closely misses the wight.
The wight closely misses you. x2
You shoot an arrow.
The arrow hits the wight but does no damage.
The wight is moderately damaged.
The wight hits you with a +4 hand axe of freezing.
The wight freezes you.
You die...

.... ... ... ..
..#+# .. #.
#.#.##. #..
#.#..z ...
#.#.z# #.#
#@#..#
#..##z#..#
#...z..z#
#....##.# ##...#
.. #...######
#.#....#### #
#.........####.#
###............#
###


You could see 2 wights.

Vanquished Creatures
  Eustachio (D:5)
  A black bear (D:5)
  A phantom (D:5)
  2 wights (D:5)
  A hound (D:5)
  A jelly (D:4)
  A sleepcap (D:5)
  Terence (D:3)
  3 orc wizards (D:3)
  3 gnolls (D:4)
  6 adders
  3 worms
  4 dart slugs
  9 orcs
  8 ball pythons
  3 bats
  9 endoplasms
  6 giant cockroaches
  3 goblins
  8 hobgoblins
  3 jackals (D:3)
  2 quokkas
  3 frilled lizards
  13 kobolds
  6 rats
101 creatures vanquished.

Notes
Turn   | Place    | Note
-------+----------+-------------------------------------------
     0 | D:1      | qw the Gargoyle Hunter began the quest for the Orb.
     0 | D:1      | Reached XP level 1. HP: 12/12 MP: 1/1
     0 | D:1      | 0 ||| qw: Version: 0.3-a-83-gcd0e7d8
     0 | D:1      | 0 ||| qw: Game counter: 1873
     0 | D:1      | 0 ||| qw: Melee chars always use a shield: true
     0 | D:1      | 0 ||| qw: God list: Okawaru
     0 | D:1      | 0 ||| qw: Allow faded altars: false
     0 | D:1      | 0 ||| qw: Do Orc after clearing Dungeon:15 true
     0 | D:1      | 0 ||| qw: Do second Lair branch before Depths: true
     0 | D:1      | 0 ||| qw: Lair rune preference: random
     0 | D:1      | 0 ||| qw: Goals: Normal
     0 | D:1      | 0 ||| PLANNING D:1-11
   183 | D:1      | Reached XP level 2. HP: 17/17 MP: 2/2
   322 | D:1      | Reached XP level 3. HP: 21/21 MP: 3/3
   454 | D:1      | 454 ||| UPGRADING to +6 ring of strength.
   455 | D:1      | 455 ||| READING 2 scrolls labelled LYULIG KOXACE.
   459 | D:1      | 459 ||| READING scroll labelled OJUOMASTRONT.
   460 | D:1      | 460 ||| DROPPING scroll of butterflies.
   484 | D:2      | Reached skill level 5 in Ranged Weapons
   758 | D:2      | 758 ||| UPGRADING to +0 ring mail.
   768 | D:2      | 768 ||| DROPPING +0 leather armour.
   769 | D:2      | 769 ||| UPGRADING to ring of see invisible.
   837 | D:2      | Found a faded altar of an unknown god.
  1080 | D:2      | Reached skill level 1 in Armour
  1145 | D:2      | 1145 ||| READING scroll labelled QIEKKU ZASUO.
  1231 | D:3      | Reached XP level 4. HP: 27/27 MP: 4/4
  1240 | D:3      | Reached skill level 3 in Fighting
  1323 | D:3      | Noticed Terence
  1331 | D:3      | Killed Terence
  1388 | D:3      | Reached XP level 5. HP: 26/32 MP: 5/5
  1388 | D:3      | 1388 ||| FLEEEEING.
  1389 | D:3      | 1389 ||| FLEEEEING.
  1390 | D:3      | 1390 ||| FLEEEEING.
  1391 | D:3      | 1391 ||| FLEEEEING.
  1392 | D:3      | 1392 ||| FLEEEEING.
  1393 | D:3      | 1393 ||| FLEEEEING.
  1394 | D:3      | 1394 ||| FLEEEEING.
  1395 | D:3      | 1395 ||| FLEEEEING.
  1396 | D:3      | 1396 ||| FLEEEEING.
  1397 | D:3      | 1397 ||| FLEEEEING.
  1422 | D:3      | Reached skill level 6 in Ranged Weapons
  1469 | D:3      | Found Lijamuot's Assorted Antiques.
  1480 | D:3      | 1480 ||| BUYING blue potion (23 gold).
  1480 | D:3      | Bought a blue potion for 23 gold pieces
  1480 | D:3      | 1480 ||| BUYING pink potion (23 gold).
  1480 | D:3      | Bought a pink potion for 23 gold pieces
  1480 | D:3      | 1480 ||| BUYING scroll labelled JODGHA JOFOTHUGH (26 gold).
  1480 | D:3      | Bought a scroll labelled JODGHA JOFOTHUGH for 26 gold
                  | pieces
  1480 | D:3      | 1480 ||| BUYING scroll labelled JOJECO ZUNE (26 gold).
  1480 | D:3      | Bought a scroll labelled JOJECO ZUNE for 26 gold pieces
  1480 | D:3      | 1480 ||| SHOPLISTING scroll labelled WOUWECO RECU (26 gold,
                  | have 1).
  1709 | D:3      | 1709 ||| READING 2 scrolls labelled JODGHA JOFOTHUGH.
  1710 | D:3      | 1710 ||| READING 2 scrolls labelled ZET LAMNEASHRY.
  1711 | D:3      | 1711 ||| READING scroll labelled JOJECO ZUNE.
  1712 | D:3      | 1712 ||| DRINKING 3 sapphire potions.
  1713 | D:3      | 1713 ||| DRINKING 2 blue potions.
  1714 | D:3      | 1714 ||| DROPPING scroll of revelation.
  1718 | D:3      | 1718 ||| DROPPING 2 potions of degeneration.
  1740 | D:3      | Found a shimmering altar of Xom.
  2032 | D:3      | 2032 ||| DRINKING 2 orange potions.
  2033 | D:3      | 2033 ||| DROPPING scroll of immolation.
  2034 | D:3      | 2034 ||| DROPPING potion of brilliance.
  2260 | D:4      | Reached XP level 6. HP: 27/38 MP: 6/6
  2316 | D:4      | HP: 9/38 [orc/+0 hand axe (1)]
  2317 | D:4      | 2317 ||| READING scroll of teleportation.
  2318 | D:4      | 2318 ||| DRINKING potion of heal wounds.
  2529 | D:4      | 2529 ||| FLEEEEING.
  2530 | D:4      | 2530 ||| FLEEEEING.
  2531 | D:4      | 2531 ||| FLEEEEING.
  2532 | D:4      | 2532 ||| FLEEEEING.
  2533 | D:4      | 2533 ||| FLEEEEING.
  2534 | D:4      | 2534 ||| FLEEEEING.
  2535 | D:4      | 2535 ||| FLEEEEING.
  2536 | D:4      | 2536 ||| FLEEEEING.
  2542 | D:4      | 2542 ||| STAIRDANCE
  2556 | D:3      | 2556 ||| UPGRADING to +0 pair of gloves.
  2561 | D:3      | 2561 ||| UPGRADING to +0 cloak.
  2566 | D:3      | 2566 ||| READING 3 scrolls labelled ASEPLOBEON.
  2567 | D:3      | 2567 ||| DROPPING 2 scrolls of fear.
  2619 | D:5      | Entered Level 5 of the Dungeon
  2710 | D:5      | Reached skill level 7 in Ranged Weapons
  2719 | D:5      | Noticed Eustachio
  2729 | D:5      | 2729 ||| FLEEEEING.
  2730 | D:5      | 2730 ||| FLEEEEING.
  2733 | D:5      | Killed Eustachio
  2734 | D:5      | Reached skill level 3 in Armour
  2734 | D:5      | Reached XP level 7. HP: 33/43 MP: 7/7
  2859 | D:5      | 2859 ||| RETREEAATING.
  2863 | D:5      | 2863 ||| Stepping ~*~*~tactically~*~*~ (retreating).
  2871 | D:5      | 2871 ||| Stepping ~*~*~tactically~*~*~ (retreating).
  2885 | D:5      | HP: 7/43 [wight/+4 falchion (8)]
  2888 | D:5      | Reached skill level 8 in Ranged Weapons
  2894 | D:5      | HP: 1/44 [wight/+4 hand axe of freezing (6)]
  2894 | D:5      | Slain by a wight

Levels and vault maps discovered:
D:1:      dpeg_arrival_rooms_a, layout_rooms
D:2:      layout_loops_ring, basic_ecumenical_altar, lexackson_kobold_supper
D:3:      layout_loops_ring, tgw_xom, serial_shops, shop, minmay_distorted,
          uniq_terence
D:4:      layout_basic
D:5:      layout_basic, nicolae_shop_i_like_big_books, kennysheep_flooded_box,
          nicolae_underground_beach, uniq_eustachio, uniq_sigmund

Skill      XL: |  1  2  3  4  5  6  7 |
---------------+----------------------+-----
Ranged Weapons | 5 6 7 8 |  8.0
Armour         | 1 3 |  3.3
Fighting       | 3 4 |  4.5
Dodging        | |  1.5
Stealth        | |  1.1

Action                     |  1- 3 |  4- 6 |  7- 9 || total
---------------------------+-------+-------+-------++-------
   Fire: Shortbow          |   127 |   207 |    46 ||   380
    Use: Scroll            |     3 |     5 |       ||     8
         Potion            |       |     4 |       ||     4
 Armour: Leather armour    |    25 |       |       ||    25
         Ring mail         |     3 |   114 |    41 ||   158
  Dodge: Dodged            |    31 |    91 |    32 ||   154

Table legend:
 A = Non-vault XP
 B = Vault XP
 C = Vault XP percentage of total XP
 D = Non-vault monster count
 E = Vault monster count
 F = Vault count percentage of total count
                 A         B        C        D         E       F
            +---------+---------+-------+---------+---------+-------
      Total |     857 |     268 |  23.8 |      86 |      15 |  14.9
            +---------+---------+-------+---------+---------+-------
        D:1 |      35 |       0 |   0.0 |      21 |       0 |   0.0
        D:2 |      34 |      10 |  22.7 |      15 |       8 |  34.8
        D:3 |     146 |      62 |  29.8 |      17 |       6 |  26.1
        D:4 |     156 |       0 |   0.0 |      25 |       0 |   0.0
        D:5 |     486 |     196 |  28.7 |       8 |       1 |  11.1
            +---------+---------+-------+---------+---------+-------
